 Dungeon Crawl Stone Soup version 0.30-b1-2-g02819fbbbe (webtiles) character file.

Game seed: 8242298111646629126

190 Alarkh the Shooter (level 5, -5/39 HPs)
             Began as a Demonspawn Hexslinger on July 9, 2023.
             Succumbed to Duvessa's poison
             ... on level 4 of the Dungeon.
             The game lasted 00:04:09 (2501 turns).

Alarkh the Shooter (Demonspawn Hexslinger)          Turns: 2501, Time: 00:04:10

Health: -5/39      AC:  2    Str: 10    XL:     5   Next: 41%
Magic:  7/7        EV: 12    Int: 17    God:
Gold:   65         SH:  0    Dex: 13    Spells: 6/7 levels left

rFire   . . .        w - +10 mace of Fortitude {heavy, rC+++}
rCold   + + +        (no shield)
rNeg    . . .        c - +0 robe
rPois   .            (no helmet)
rElec   .            (no cloak)
rCorr   .            (no gloves)
SInv    .            (no boots)
Will    .....        (no amulet)
Stlth   +            (no ring)
HPRegen 0.26/turn    (no ring)
MPRegen 0.10/turn

%: no passive effects
@: lethally poisoned (-5 -> -38)
A: demonic magic 1, weakness stinger 2
a: no special abilities


You were on level 4 of the Dungeon.
You visited 1 branch of the dungeon, and saw 4 of its levels.

You collected 143 gold pieces.
You spent 78 gold pieces at shops.

Inventory:

Hand Weapons
 a - a +0 shortbow
 b - a +0 dagger of venom
 n - a +1 sling
 w - the +10 mace of Fortitude (weapon) {heavy, rC+++}
   (You found it on level 2 of the Dungeon)

   rC:        It renders you almost immune to cold.
Armour
 c - a +0 robe (worn)
Magical Staves
 f - a staff of cold
Scrolls
 h - a scroll of teleportation
 i - 2 scrolls of identify
 j - a scroll of blinking {unknown}
 l - a scroll of brand weapon {unknown}
 o - a scroll of enchant weapon {unknown}
 s - a scroll of butterflies {unknown}
Potions
 k - a potion of mutation
 p - a potion of degeneration {unknown}
 q - a potion of flight
 r - a potion of brilliance {unknown}


   Skills:
 + Level 2.6 Fighting
 * Level 3.8 Ranged Weapons
 - Level 1.7 Dodging
 + Level 1.9 Spellcasting
 + Level 3.5 Hexes


You had 6 spell levels left.
You knew the following spells:

 Your Spells              Type           Power      Damage    Failure   Level
a - Slow                  Hex            52%        N/A       4%          1

Your spell library contained the following spells:

 Spells                   Type           Power      Damage    Failure   Level
 Inner Flame              Hex/Fire       7%         N/A       28%         3
 Portal Projectile        Hex/Tloc       14%        N/A       28%         3
 Blink                    Tloc           2%         N/A       30%         2
 Lesser Beckoning         Tloc           2%         N/A       30%         2
 Momentum Strike          Conj/Tloc      2%         3d8       30%         2
 Sublimation of Blood     Necr           1%         N/A       30%         2
 Cause Fear               Hex            6%         N/A       41%         4
 Alistair's Intoxication  Tmut/Pois      0%         N/A       99%         5
 Necromutation            Tmut/Necr      0%         N/A       100%        8


Dungeon Overview and Level Annotations

Branches:
Dungeon (4/15)
 Temple: D:4-7

Altars:
Nemelex Xobeh

Shops:
D:3 !   D:4 (

Annotations:
D:4 Duvessa


Innate Abilities, Weirdness & Mutations

Spells you cast may paralyse adjacent enemies.
You have a tail ending in a sharp stinger.


Message History

Dowan is severely wounded.
You shoot an arrow.
The arrow hits Duvessa but does no damage.
Duvessa is moderately wounded.
You shoot an arrow. The arrow hits Dowan!
You kill Dowan!
You hear a distant scream of rage.
No target in view!
You shoot an arrow. The arrow barely misses Duvessa.
You are no longer glowing.
Duvessa goes berserk!
Duvessa is engulfed in poison gas.
Duvessa is poisoned.
You shoot an arrow. The arrow hits Duvessa.
Duvessa is heavily wounded.
Duvessa is engulfed in poison gas.
Duvessa looks even sicker.
Duvessa is engulfed in poison gas.
Duvessa looks even sicker.
Duvessa hits you with a +0 short sword of venom!
You are lethally poisoned!
You shoot an arrow.
The arrow hits Duvessa but does no damage.
Duvessa is heavily wounded.
You feel extremely sick.
Duvessa is engulfed in poison gas.
Duvessa looks as sick as possible!
Duvessa misses you.
Duvessa is engulfed in poison gas.
Duvessa looks as sick as possible!
Duvessa closely misses you.
You feel better.
Duvessa is engulfed in poison gas.
Duvessa looks as sick as possible!
Duvessa misses you.
Duvessa is engulfed in poison gas.
Duvessa looks as sick as possible!
Duvessa hits you with a +0 short sword of venom!
You are lethally poisoned!
You feel much better.
You feel very sick.
Duvessa hits you with a +0 short sword of venom!
You are more poisoned.
w - the +10 mace of Fortitude (weapon)
{heavy, rC+++}
* * * LOW HITPOINT WARNING * * *
You feel very sick. Duvessa barely misses you.
You completely miss Duvessa.
Your tail-slap misses Duvessa.
Duvessa is almost dead.
You die...

........# ........#
........########
...S....+....○°#
........######.#
........# #.# ........#
#.#
........######.#########
........○..○..e@○○..°.°#
.........°.).#○#°###..#
###########.#.......#
#######.###..○###
#.......# #.°○#
#.......###...#
#.......##..#.# #
#..........○#°# #####
#...........#.#


You could see Duvessa (berserk, fast, extremely poisoned).

Vanquished Creatures
  Dowan (D:4)
  A howler monkey (D:4)
  A sleepcap (D:4)
  2 adders (D:3)
  A worm (D:2)
  2 dart slugs (D:1)
  4 orcs
  3 bats
  5 endoplasms
  A giant cockroach (D:1)
  7 goblins
  3 hobgoblins
  3 quokkas
  A ball python (D:2)
  A frilled lizard (D:1)
  7 kobolds
  8 rats
51 creatures vanquished.

Notes
Turn   | Place    | Note
-------+----------+-------------------------------------------
     0 | D:1      | Alarkh the Demonspawn Hexslinger began the quest for the
                  | Orb.
     0 | D:1      | Reached XP level 1. HP: 15/15 MP: 2/2
   134 | D:1      | Gained mutation: You have a small tail. [demonic ancestry]
   134 | D:1      | Reached XP level 2. HP: 21/21 MP: 3/3
   480 | D:2      | Gained mutation: Spells you cast may paralyse adjacent
                  | enemies. [demonic ancestry]
   480 | D:2      | Reached XP level 3. HP: 27/27 MP: 4/4
   846 | D:2      | Identified the +10 mace of Fortitude {heavy, rC+++}
  1281 | D:3      | Found Tyoloal's Distillery.
  1289 | D:3      | Bought a potion of curing for 39 gold pieces
  1396 | D:3      | Bought a potion of flight for 39 gold pieces
  1659 | D:3      | Gained mutation: You have a tail ending in a sharp stinger.
                  | [demonic ancestry]
  1659 | D:3      | Reached XP level 4. HP: 14/33 MP: 5/5
  1972 | D:3      | Got Sif Muna's Monograph on Foul Gloom
  2082 | D:3      | Found a sparkling altar of Nemelex Xobeh.
  2117 | D:4      | Found Zujo Wud's Weapon Emporium.
  2233 | D:4      | Identified the +1 ring mail "Guudeak" {Int+3}
  2268 | D:4      | Reached XP level 5. HP: 22/39 MP: 7/7
  2343 | D:4      | Noticed Duvessa
  2344 | D:4      | Noticed Dowan
  2493 | D:4      | Killed Dowan
  2501 | D:4      | Succumbed to Duvessa's poison

Illustrated notes

Levels and vault maps discovered:
D:1:      lightli_arrival_boilingwater, layout_rooms
D:2:      layout_rooms, basic_altar, item_on_display_a
D:3:      layout_basic, lemuel_coloured_pillars_altar, serial_shops, shop
D:4:      kennysheep_the_goblin_king, layout_basic, serial_shops, shop,
          chequers_garden, st_stairs_1, uniq_duvessa

Skill      XL: |  1  2  3 |
---------------+----------+-----
Ranged Weapons | 2 3 |  3.8
Fighting       | 2 |  2.6
Dodging        | |  1.7
Spellcasting   | |  1.9
Hexes          | |  3.5

Action                     |  1- 3 |  4- 6 || total
---------------------------+-------+-------++-------
  Melee: Mace              |     6 |     2 ||     8
   Fire: Sling             |    92 |       ||    92
         Shortbow          |    29 |    63 ||    92
    Use: Scroll            |     3 |     3 ||     6
         Potion            |       |     4 ||     4
 Armour: Robe              |     9 |     4 ||    13
  Dodge: Dodged            |    31 |    20 ||    51
